 Dungeon Crawl Stone Soup version bcrawl-1.40.1 (webtiles) character file.

Game seed: 11389611921788690867

383381 Mehrunes the Basher (level 11, 0/97 HPs)
             Began as a Sand Dwarf Skald on Nov 3, 2023.
             Was the Champion of Okawaru.
             Succumbed to Psyche's poison arrow
             ... while paralysed
             ... on level 10 of the Dungeon.
             The game lasted 00:24:36 (9439 turns).

Mehrunes the Basher (Sand Dwarf Skald)              Turns: 9439, Time: 00:24:37

Health: 0/97       AC: 19    Str: 19    XL:     11   Next: 54%
Magic:  19/20      EV:  3    Int: 14    God:    Okawaru [******]
Gold:   594        SH:  0    Dex: 13    Spells: 8/22 levels left

rFire    + . .     GDR:     32% i - +2 flail (holy)
rCold    + . .     SeeInvis .   (shield restricted)
rNeg     . . .     Gourm    .   y - +0 plate armour
rPois    .         Faith    .   F - +1 helmet
rElec    .         Spirit   .   s - scarf {rC+ rF+}
rCorr    .         Reflect  .   p - +2 pair of gloves {Dex+3}
MR       +....                  (no boots)
Stlth    ..........             d - amulet of magic regeneration
HPRegen  0.26/turn              (no ring)
MPRegen  0.41/turn              (no ring)

@: paralysed, lethally poisoned (0 -> -42), infused, berserk cooldown, slowed,
slow
A: small, slowness 1, armour attunement
a: Heroism, Finesse, Renounce Religion


You were on level 10 of the Dungeon.
You worshipped Okawaru.
Okawaru was exalted by your worship.
You were not hungry.

You visited 1 branch of the dungeon, and saw 10 of its levels.
You also visited: Ossuary.

You collected 916 gold pieces.
You spent 322 gold pieces at shops.

Inventory:

Hand Weapons
 i - a +2 flail of holy wrath (weapon)
Armour
 p - a +2 pair of gloves of dexterity (worn)
 s - a scarf of resistance (worn)
 y - a +0 plate armour (worn)
 F - a +1 helmet (worn)
 I - the scarf of Impatience {stasis, rC++ rN+ Dex-2 SInv}
   (Okawaru gifted it to you on level 9 of the Dungeon)

   It affects your dexterity (-2).
   It greatly protects you from cold.
   It protects you from negative energy.
   It lets you see invisible.
Jewellery
 d - an amulet of magic regeneration (around neck)
 B - an uncursed ring of wizardry {unknown}
 J - an uncursed ring of positive energy
Wands
 a - a wand of digging (7)
 g - a wand of polymorph (11)
 A - a wand of clouds (6)
 G - a wand of flame (38)
 H - a wand of iceblast (23)
Scrolls
 f - 3 scrolls of fear
 h - 4 scrolls of enchant armour
 k - 2 scrolls of noise
 m - 2 scrolls of blinking
 r - 6 scrolls of remove curse
 t - 3 scrolls of amnesia
 u - 3 scrolls of immolation
 x - 5 scrolls of teleportation
 C - a scroll of fog
 E - 2 scrolls of enchant weapon
Potions
 b - 3 potions of resistance
 c - 5 potions of agility
 j - 4 potions of lignification
 n - 6 potions of curing
 o - 3 potions of magic
 q - a potion of might
 w - a potion of invisibility
 z - a potion of cancellation {unknown}
 D - a potion of haste
Comestibles
 e - 21 rations {!d}
 l - 7 chunks of flesh


   Skills:
 + Level 9.2 Fighting
 * Level 14.2 Maces & Flails
 + Level 8.7 Armour
 + Level 5.2 Dodging
 - Level 6.0 Spellcasting
 - Level 6.0 Charms
 - Level 2.0 Invocations


You had 8 spell levels left.
You knew the following spells:

 Your Spells              Type           Power        Failure   Level  Hunger
a - Infusion              Chrm           ###.....     1%          1    None
b - Swiftness             Chrm/Air       ##......     7%          2    None
c - Spectral Weapon       Hex/Chrm       ##......     14%         3    ##.....
d - Song of Slaying       Chrm           ###.....     1%          2    None
e - Ozocubu's Armour      Chrm/Ice       ##......     14%         3    ##.....
f - Regeneration          Chrm/Necr      ##........   14%         3    ##.....

Your spell library contained the following spells:

 Spells                   Type           Power        Failure   Level  Hunger
 Flaming Arrows           Chrm/Fire      ##......     7%          2    None
 Beastly Appendage        Tmut           #.....       16%         1    None
 Flame Tongue             Conj/Fire      #....        16%         1    None
 Passwall                 Tmut/Erth      #.......     24%         2    None
 Sticks to Snakes         Tmut           #.......     24%         2    None
 Call Canine Familiar     Summ           #.......     43%         3    ##.....
 Conjure Flame            Conj/Fire      #.......     43%         3    ##.....
 Inner Flame              Hex/Fire       N/A          43%         3    ##.....
 Spider Form              Tmut/Pois      #..          43%         3    ##.....
 Ice Form                 Ice/Tmut       #.......     83%         4    ####...
 Sticky Flame             Conj/Fire      #.......     83%         4    ####...
 Summon Ice Beast         Ice/Summ       #.......     83%         4    ####...
 Blade Hands              Tmut           #.........   99%         5    #####..
 Fireball                 Conj/Fire      #.........   99%         5    #####..
 Summon Mana Viper        Hex/Summ       #.......     99%         5    #####..
 Summon Hydra             Summ           #.........   100%        6    #######
 Monstrous Menagerie      Summ           #.........   100%        7    #######
 Scorpion Form            Tmut/Pois      #.........   100%        7    #######


Dungeon Overview and Level Annotations

Branches:
Dungeon (10/12)            Temple (0/1) D:7            Lair (0/6) D:9
    Orc (0/1) D:9

Altars:
Elyvilon
Gozag
Nemelex Xobeh
Okawaru
Ru
Sif Muna
Zin

Shops:
D:6 =   D:7 :   D:8 *   D:9 [


Innate Abilities, Weirdness & Mutations

You are small and have problems with some larger weapons.
You cover ground slowly.
Armour does not affect your spellcasting.


Message History

You kill Psyche!
Okawaru is honoured by your kill.
* * * LOW HITPOINT WARNING * * *
You feel very sick.
* * * LOW HITPOINT WARNING * * *
You feel very sick.
Things that are here:
a +1 dagger of chaos; a +0 robe; the human corpse of Psyche You feel a strong urge to attack something.
* * * LOW HITPOINT WARNING * * *
You feel very sick.
* * * LOW HITPOINT WARNING * * *
You feel very sick.
You are too berserk!
You feel your anger nearly subside.
You are no longer berserk.
You pass out from exhaustion.
You feel yourself slow down.
* * * LOW HITPOINT WARNING * * *
You feel sick.
You die...

#... #... #..# #..#
#..# #.)######
.#####.......#..###+##
.............#........
..........@..#......#
..###+###....#......#
. #....#......####
#....#.........#
#(##'#.........#
#.#.....)......#
#.#............##
#.#.............#
#.#.............#


There were no monsters in sight!

Vanquished Creatures
  Psyche (D:10)
  2 two-headed ogres (D:8)
  A centaur warrior (D:8)
  A cyclops (D:10)
  A manticore (D:7)
  Maurice (D:9)
  A troll (D:7)
  A hippogriff (D:7)
  A human (D:7)
  A basilisk (D:9)
  4 hogs (D:7)
  A hungry ghost (D:9)
  3 crocodiles
  2 wargs (D:9)
  A water moccasin (D:8)
  4 porcupines (D:9)
  2 orc warriors
  A phantom (D:4)
  2 ice beasts
  3 sky beasts
  3 black bears (D:9)
  6 ogres
  A wolf (D:9)
  5 bullfrogs
  2 kobold brigands
  5 centaurs
  6 killer bees
  5 wights (D:6)
  2 howler monkeys (D:4)
  4 orc priests
  3 crimson imps
  4 hounds
  A bullfrog zombie (D:7)
  2 bullfrog skeletons
  3 iguanas
  2 orc wizards
  6 worker ants
  A hound skeleton (D:9)
  8 mummies (Ossuary)
  2 worker ant zombies
  5 gnolls
  A howler monkey skeleton (D:6)
  9 adders
  A shadow imp (D:7)
  2 oozes
  An adder skeleton (D:8)
  2 worms
  4 leopard geckos
  36 orcs
  4 bats
  A giant cockroach (D:2)
  3 gnoll zombies (Ossuary)
  4 goblins
  7 hobgoblins
  3 jackals
  5 quokkas
  2 ball pythons
  A frilled lizard (D:1)
  A hobgoblin zombie (Ossuary)
  12 kobolds
  2 kobold zombies (Ossuary)
  2 orc zombies (Ossuary)
  5 rats
218 creatures vanquished.

Vanquished Creatures (others)
  A bush (D:9)
  2 fungi (D:9)
  8 plants (D:9)
  5 spectral weapons
16 creatures vanquished.

Grand Total: 234 creatures vanquished

Notes
Turn   | Place    | Note
-------+----------+-------------------------------------------
     0 | D:1      | Mehrunes the Sand Dwarf Skald began the quest for the Orb.
     0 | D:1      | Reached XP level 1. HP: 18/18 MP: 3/3
   216 | D:1      | Reached XP level 2. HP: 23/25 MP: 3/5
   563 | D:1      | Reached XP level 3. HP: 20/30 MP: 6/6
   839 | D:2      | Learned a level 2 spell: Swiftness
   843 | D:2      | Learned a level 3 spell: Spectral Weapon
   939 | D:2      | Found a shimmering blue altar of Sif Muna.
  1055 | D:2      | Found an iron altar of Okawaru.
  1064 | D:2      | Became a worshipper of Warmaster Okawaru
  1127 | D:2      | Reached skill level 4 in Maces & Flails
  1708 | D:3      | Reached XP level 4. HP: 37/37 MP: 7/7
  2058 | D:3      | Reached XP level 5. HP: 45/45 MP: 2/8
  2245 | D:4      | Learned a level 2 spell: Song of Slaying
  2287 | D:4      | Reached skill level 5 in Maces & Flails
  2359 | D:4      | Reached XP level 6. HP: 42/51 MP: 10/10
  2627 | D:4      | Reached * piety under Okawaru
  2710 | D:4      | Noticed a phantom
  2725 | D:4      | Killed a phantom
  2726 | D:4      | Reached skill level 6 in Maces & Flails
  2855 | D:4      | Found a white marble altar of Elyvilon.
  2939 | D:4      | Reached XP level 7. HP: 41/58 MP: 11/11
  3669 | D:5      | Entered Level 5 of the Dungeon
  3696 | D:5      | Noticed a two-headed ogre
  3782 | D:5      | Found a sand-covered staircase.
  3787 | Ossuary  | Entered an ossuary
  4292 | D:5      | Reached ** piety under Okawaru
  4293 | D:5      | Reached skill level 7 in Maces & Flails
  4293 | D:5      | Reached skill level 1 in Invocations
  4343 | D:5      | Reached XP level 8. HP: 64/67 MP: 13/13
  4593 | D:5      | Learned a level 3 spell: Ozocubu's Armour
  4597 | D:5      | Learned a level 3 spell: Regeneration
  4994 | D:6      | Reached skill level 8 in Maces & Flails
  4998 | D:6      | Reached skill level 5 in Fighting
  5196 | D:6      | Found Mupeutuv's Jewellery Boutique.
  5336 | D:6      | Found a sacrificial altar of Ru.
  5439 | D:6      | Found a glowing silver altar of Zin.
  5496 | D:6      | Reached *** piety under Okawaru
  5603 | D:6      | Reached skill level 9 in Maces & Flails
  5603 | D:6      | Reached skill level 5 in Charms
  5603 | D:6      | Reached XP level 9. HP: 68/74 MP: 15/15
  5980 | D:6      | Found an opulent altar of Gozag.
  6017 | D:7      | Reached skill level 5 in Armour
  6328 | D:7      | Found a staircase to the Ecumenical Temple.
  6342 | D:7      | Noticed a troll
  6351 | D:7      | Killed a troll
  6351 | D:7      | Reached **** piety under Okawaru
  6352 | D:7      | Reached skill level 10 in Maces & Flails
  6481 | D:7      | Found Vianar's Book Shoppe.
  6499 | D:7      | Noticed a manticore
  6506 | D:7      | Killed a manticore
  6814 | D:7      | Reached XP level 10. HP: 77/84 MP: 11/17
  6821 | D:7      | Reached skill level 11 in Maces & Flails
  6829 | D:7      | Reached skill level 5 in Spellcasting
  7176 | D:8      | Reached ***** piety under Okawaru
  7201 | D:8      | Noticed a two-headed ogre
  7212 | D:8      | Killed a two-headed ogre
  7434 | D:8      | Found a sparkling altar of Nemelex Xobeh.
  7605 | D:8      | Found Puoshroot's Assorted Antiques.
  7629 | D:8      | Reached skill level 12 in Maces & Flails
  7629 | D:8      | Reached skill level 5 in Dodging
  7681 | D:8      | Noticed a centaur warrior
  7681 | D:8      | Noticed a two-headed ogre
  7703 | D:8      | Killed a two-headed ogre
  7713 | D:8      | Killed a centaur warrior
  7714 | D:8      | Reached XP level 11. HP: 50/94 MP: 12/20
  7728 | D:8      | Reached skill level 13 in Maces & Flails
  7823 | D:8      | Identified the +2 whip of Sunlight {pain, Dex+5}
  8200 | D:9      | Found Nipleof's Armour Shoppe.
  8247 | D:9      | Bought a +2 pair of gloves of dexterity for 322 gold pieces
  8259 | D:9      | Received a gift from Okawaru
  8262 | D:9      | Got a jewelled scarf {god gift}
  8282 | D:9      | Identified the scarf of Impatience {stasis, rC++ rN+ Dex-2
                  | SInv} (Okawaru gifted it to you on level 9 of the Dungeon)
  8440 | D:9      | Found a staircase to the Lair.
  8698 | D:9      | Got a brightly glowing brass ring
  8703 | D:9      | Identified the ring of Xom's Best Wishes {Ice Str+5 Dex-5}
                  | (You found it on level 9 of the Dungeon)
  8768 | D:9      | Found a staircase to the Orcish Mines.
  8931 | D:9      | Noticed Maurice
  9003 | D:9      | Killed Maurice
  9220 | D:10     | Entered Level 10 of the Dungeon
  9363 | D:10     | Noticed a cyclops
  9371 | D:10     | Killed a cyclops
  9371 | D:10     | Reached ****** piety under Okawaru
  9372 | D:10     | Reached skill level 14 in Maces & Flails
  9409 | D:10     | Noticed Psyche
  9434 | D:10     | Killed Psyche
  9438 | D:10     | HP: 4/97 [poisoned by Psyche (poison arrow)]
  9439 | D:10     | Succumbed to Psyche's poison arrow

Skill      XL: |  1  2  3  4  5  6  7  8  9 10 11 |
---------------+----------------------------------+-----
Maces & Flails | 4 5 6 7 9 10 12 14 | 14.2
Fighting       | 3 4 5 6 8 9 |  9.2
Armour         | 2 3 4 6 7 8 |  8.7
Dodging        | 2 3 4 5 |  5.2
Spellcasting   | 3 4 6 |  6.0
Charms         | 4 5 6 |  6.0
Invocations    | 1 2 |  2.0

Action                   |  1- 3 |  4- 6 |  7- 9 | 10-12 || total
-------------------------+-------+-------+-------+-------++-------
Melee: Flail             |   107 |    85 |   285 |   247 ||   724
 Cast: Infusion          |     6 |     3 |     9 |     5 ||    23
       Spectral Weapon   |     1 |     5 |    22 |     4 ||    32
       Song of Slaying   |       |     2 |     4 |     2 ||     8
       Swiftness         |       |       |     6 |       ||     6
       Ozocubu's Armour  |       |       |     3 |    27 ||    30
       Regeneration      |       |       |     1 |     3 ||     4
Invok: Heroism           |       |       |     1 |     3 ||     4
       Finesse           |       |       |       |     1 ||     1
  Use: Scroll            |       |     3 |     7 |    13 ||    23
       Potion            |       |       |       |     2 ||     2
 Stab: Distracted        |       |       |       |     1 ||     1
  Eat: Chunk             |     7 |     7 |    19 |    15 ||    48
       Ration            |       |       |     2 |     1 ||     3
Armor: Leather armour    |    10 |       |       |       ||    10
       Ring mail         |    13 |    22 |       |       ||    35
       Chain mail        |       |       |    29 |       ||    29
       Plate armour      |       |       |   112 |   148 ||   260
Dodge: Dodged            |    91 |    52 |   127 |   119 ||   389
Block: Other             |       |     4 |    12 |    12 ||    28
